 Dungeon Crawl Stone Soup version 0.25-a0-479-g8579842fd4 (webtiles) character file.

Game seed: 15367085107146411985, levelgen mode: deterministic

1349 kae the Slicer (level 8, -8/41 HPs)
             Began as a Kobold Enchanter on Feb 9, 2020.
             Mangled by a warg (16 damage)
             ... on level 8 of the Dungeon.
             The game lasted 00:06:20 (6158 turns).

kae the Slicer (Kobold Enchanter)                   Turns: 6158, Time: 00:06:20

Health: -8/41      AC:  7    Str:  5    XL:     8   Next: 94%
Magic:  13/16      EV: 15    Int: 16    God:
Gold:   385        SH:  0    Dex: 18    Spells: 9/18 levels left

rFire    . . .     SeeInvis .   c - +2 dagger (venom)
rCold    . . .     Gourm    .   (shield restricted)
rNeg     . . .     Faith    .   b - +1 robe
rPois    .         Spirit   .   (no helmet)
rElec    .         Reflect  .   (no cloak)
rCorr    .         Harm     .   (no gloves)
MR       .....                  (no boots)
Stlth    +++.......             (no amulet)
HPRegen  0.13/turn              (no ring)
MPRegen  0.15/turn              p - +4 ring of protection

@: confusing touch
A: small, carnivore
a: no special abilities


You were on level 8 of the Dungeon.
You were not hungry.

You visited 2 branches of the dungeon, and saw 8 of its levels.

You collected 385 gold pieces.

Inventory:

Hand Weapons
 a - a +1 dagger
 c - a +2 dagger of venom (weapon)
Armour
 b - a +1 robe (worn)
Jewellery
 p - a +4 ring of protection (right hand)
 q - an uncursed amulet of the acrobat {unknown}
Wands
 l - a wand of disintegration (10)
Scrolls
 j - a scroll of fear
 m - 2 scrolls of remove curse
Potions
 e - a potion of brilliance
 f - a potion of agility
 g - a potion of magic
 h - 2 potions of haste {unknown}
 i - 2 potions of might {unknown}
 n - 3 potions of mutation {unknown}
 r - a potion of curing
 s - 2 potions of heal wounds {unknown}
Comestibles
 d - 10 rations


   Skills:
 * Level 9.6 Short Blades
 - Level 2.4 Dodging
 - Level 4.0 Stealth
 + Level 5.5 Spellcasting
 + Level 5.9 Hexes


You had 9 spell levels left.
You knew the following spells:

 Your Spells              Type           Power        Failure   Level  Hunger
a - Corona                Hex            ###....      1%          1    None
b - Ensorcelled Hibernat  Hex/Ice        ##....       7%          2    #......
c - Confusing Touch       Hex            ###.....     3%          3    ###....
d - Tukima's Dance        Hex            ###.....     3%          3    ###....

Your spell library contained the following spells:

 Spells                   Type           Power        Failure   Level  Hunger
 Dazzling Flash           Conj/Hex       ##....       13%         3    ###....


Dungeon Overview and Level Annotations

Branches:
Dungeon (6/15)             Temple (1/1) D:4            Lair (0/6) D:8

Altars:
Ashenzari
Cheibriados
Elyvilon
Fedhas
Gozag
Hepliaklqana
Kikubaaqudgha
Makhleb
Nemelex Xobeh
Okawaru
Qazlal
Ru
Sif Muna
Trog
Uskayaw
Vehumet
Wu Jian
Xom
Yredelemnul
Zin
The Shining One

Shops:
D:6 :

Annotations:
D:3 2 transporters


Innate Abilities, Weirdness & Mutations

You are small and have problems with some larger weapons.
You are carnivorous and can eat meat at any time.


Message History

You impale the warg!!
You kill the warg!
You see here a warg corpse.
You butcher the warg corpse.
Things that are here:
2 chunks of flesh; a warg skeleton You start resting.
Magic restored.
You start resting.
The warg is too close now for your liking.
Autopickup is now on.
Casting: Confusing Touch (safe; 3% risk of failure)
Confirm with . or Enter, or press ? or * to list all spells.
Your hands begin to glow red.
The warg bites you. The warg bites you.
You hit the warg but do no damage. The warg bites you!
* * * LOW HITPOINT WARNING * * *
You hit the warg but do no damage. You barely miss the warg.
The warg bites you!
You die...

#..[#*,**.**,*
###...##....,<,**
#####.%.....#**,***,,
#........^..# *,,,,,,
#.###....)..# *****,,
###.#####...###*** *,,
#...%..##......,,* *,*
#.#.##h###.....,,* *,*
#.#.##@# #......,* *,,
#.#.##.# #....$.,* ***
#.#.##.#
*,....,,******
#......#
*,,,,,,,,,,,,,
###.####
*,>,,,,,***,,* #.#
********* *,,,
#.#********* *,*,
##.##,.,,,,,* *,*,
#...#.###**,*******,*,


You could see a warg.

Vanquished Creatures
  A vampire (D:6)
  A warg (D:8)
  Edmund (D:6)
  A phantom (D:4)
  An ice beast (D:8)
  2 ogres
  A centaur (D:6)
  A bullfrog (D:6)
  A scorpion (D:4)
  A crimson imp (D:4)
  A centaur zombie (D:6)
  A hound (D:4)
  A jelly (D:6)
  An orc wizard (D:3)
  5 worker ants
  6 adders
  An ooze (D:2)
  3 worms
  A dart slug (D:5)
  A leopard gecko (D:5)
  6 orcs
  A ball python (D:4)
  7 goblins
  4 hobgoblins
  11 kobolds
  3 quokkas
  A ball python skeleton (D:2)
  7 bats
  2 frilled lizards
  A jackal skeleton (D:4)
  A quokka skeleton (D:4)
  A quokka zombie (D:6)
  8 rats
85 creatures vanquished.

Vanquished Creatures (others)
  A plant (D:8)
1 creature vanquished.

Grand Total: 86 creatures vanquished

Notes
Turn   | Place    | Note
-------+----------+-------------------------------------------
     0 | D:1      | kae the Kobold Enchanter began the quest for the Orb.
     0 | D:1      | Reached XP level 1. HP: 10/10 MP: 3/3
   127 | D:1      | Reached skill level 2 in Short Blades
   130 | D:1      | Reached XP level 2. HP: 10/15 MP: 3/5
   848 | D:2      | Learned a level 2 spell: Ensorcelled Hibernation
   860 | D:2      | Reached skill level 3 in Short Blades
   860 | D:2      | Reached XP level 3. HP: 10/19 MP: 2/6
  1695 | D:2      | Found a faded altar of an unknown god.
  1773 | D:2      | Reached XP level 4. HP: 24/24 MP: 6/8
  1919 | D:2      | Reached skill level 4 in Short Blades
  2202 | D:3      | Found a transporter.
  2203 | D:3      | Reached XP level 5. HP: 28/28 MP: 9/9
  2630 | D:3      | Noticed a sky beast
  2633 | D:3      | Found a radiant altar of Vehumet.
  2635 | D:3      | Noticed an orc warrior
  2641 | D:3      | Found a transporter.
  2674 | D:3      | Reached skill level 5 in Short Blades
  3119 | D:4      | Noticed a phantom
  3492 | D:3      | Learned a level 3 spell: Confusing Touch
  3496 | D:3      | Learned a level 3 spell: Tukima's Dance
  3514 | D:4      | Killed a phantom
  3514 | D:4      | Reached XP level 6. HP: 32/32 MP: 8/11
  3539 | D:4      | Reached skill level 6 in Short Blades
  3579 | D:4      | Found a stormy altar of Qazlal.
  3766 | D:4      | Found a sparkling altar of Nemelex Xobeh.
  3791 | D:4      | Noticed an ogre
  3797 | D:4      | Killed an ogre
  3797 | D:4      | Reached XP level 7. HP: 36/36 MP: 9/13
  4004 | D:4      | Found a staircase to the Ecumenical Temple.
  4014 | Temple   | Entered the Ecumenical Temple
  4240 | D:5      | Entered Level 5 of the Dungeon
  4315 | D:5      | Reached skill level 7 in Short Blades
  4342 | D:5      | Found a hazy altar of Hepliaklqana.
  4344 | D:5      | Found a sacrificial altar of Ru.
  4346 | D:5      | Found a hide-covered altar of Uskayaw.
  4427 | D:5      | Found a snail-covered altar of Cheibriados.
  4866 | D:6      | Noticed a vampire
  4877 | D:6      | Noticed Edmund
  4885 | D:6      | Killed Edmund
  4885 | D:6      | Reached skill level 5 in Hexes
  4885 | D:6      | Reached XP level 8. HP: 34/41 MP: 5/14
  4952 | D:6      | Reached skill level 8 in Short Blades
  5048 | D:6      | Killed a vampire
  5048 | D:6      | Reached skill level 5 in Spellcasting
  5477 | D:6      | Found Ceteri Hiyru's Book Boutique.
  5557 | D:6      | You fall into a shaft and drop 2 floors!
  5557 | D:8      | Found a staircase to the Lair.
  5787 | D:8      | Reached skill level 9 in Short Blades
  5811 | D:8      | HP: 1/41 [warg (14)]
  6158 | D:8      | Mangled by a warg

Levels and vault maps discovered:
D:1:      eino_arrival_water_cross, layout_loops_ring, minmay_crystal_room,
          hangedman_decor_growths
D:2:      layout_loops_cross, chequers_ecumenical_altar_lobes, first_ration
D:3:      layout_rooms, gammafunk_temple_overflow_arena, serial_forest,
          infiniplex_forest_lined_room_3, infiniplex_forest_lined_ring,
          infiniplex_forest_lined_room_2, infiniplex_forest_clump_small
D:4:      layout_loops_corners, lemuel_crystal_altar,
          nemelex_xobeh_ov_fountains_minmay, minmay_temple_entry_poolview
D:5:      layout_cave_pools, kennysheep_slug_shrine, minitemple, feat_on_display
D:6:      minmay_chambers_of_sixes, layout_basic, serial_shops, shop,
          uniq_edmund
D:8:      layout_loops_cross, grunt_dithmenos_shadows, erik_lair_orcish_takeover
Temple:   eino_temple_lava

Skill      XL: |  1  2  3  4  5  6  7  8 |
---------------+-------------------------+-----
Short Blades   | 2 3 4 5 6 7 9 |  9.6
Spellcasting   | 3 4 5 |  5.5
Hexes          | 4 5 |  5.9
Dodging        | |  2.4
Stealth        | |  4.0

Action                   |  1- 3 |  4- 6 |  7- 9 || total
-------------------------+-------+-------+-------++-------
Melee: Dagger            |    89 |   148 |    81 ||   318
 Cast: Corona            |    11 |       |       ||    11
       Ensorcelled Hiber |     4 |    14 |    14 ||    32
       Confusing Touch   |       |     1 |     5 ||     6
  Use: Potion            |     3 |       |     1 ||     4
       Scroll            |     2 |     8 |     8 ||    18
 Stab: Sleeping          |     5 |    15 |    12 ||    32
       Confused          |       |     3 |     7 ||    10
  Eat: Chunk             |     9 |     7 |     4 ||    20
Armor: Robe              |     9 |    15 |    22 ||    46
Dodge: Dodged            |    59 |    75 |    36 ||   170

Table legend:
 A = Non-vault XP
 B = Vault XP
 C = Vault XP percentage of total XP
 D = Non-vault monster count
 E = Vault monster count
 F = Vault count percentage of total count
                 A         B        C        D         E       F
            +---------+---------+-------+---------+---------+-------
      Total |    1117 |     811 |  42.1 |      76 |       9 |  10.6
            +---------+---------+-------+---------+---------+-------
        D:1 |      20 |       0 |   0.0 |      15 |       0 |   0.0
        D:2 |     119 |       0 |   0.0 |      26 |       0 |   0.0
        D:3 |     108 |       0 |   0.0 |      17 |       0 |   0.0
        D:4 |     421 |       0 |   0.0 |       9 |       0 |   0.0
        D:5 |     160 |       4 |   2.4 |       4 |       1 |  20.0
        D:6 |      97 |     631 |  86.7 |       2 |       7 |  77.8
        D:8 |     192 |     176 |  47.8 |       3 |       1 |  25.0
            +---------+---------+-------+---------+---------+-------
